 Dungeon Crawl Stone Soup version 0.28-a0-1493-g08698888e4 (webtiles) character file.

Game seed: 4153650396125726045

1596 testman the Skirmisher (level 9, -9/67 HPs)
             Began as a Djinni Monk on Jan 13, 2022.
             Was an Elder of Cheibriados.
             Mangled by a gargoyle (17 damage)
             ... on level 5 of the Dungeon.
             The game lasted 00:23:57 (5399 turns).

testman the Skirmisher (Djinni Monk)                Turns: 5399, Time: 00:23:58

Health: -9/67      AC:  5    Str: 28    XL:     9   Next: 15%
Gold:   206        EV: 14    Int: 23    God:    Cheibriados [****..] SH:  0 Dex: 32

rFire   + + .      SeeInvis +   r - +6 dagger of the Gibberer {antimagic, Int+2 SInv}
rCold   x . .      Faith    .   (no shield)
rNeg    . . .      Spirit   .   k - +0 ring mail of Polish {rF- Str+4 Dex+5}
rPois   ∞          Reflect  .   (no helmet)
rElec   .          Harm     .   (no cloak)
rCorr   .          Rampage  .   (no gloves)
Will    .....                   (boots unavailable)
Stlth   ++........              s - amulet of regeneration
HPRegen 1.01/turn               w - ring of protection from fire
MPRegen 0.00/turn               (no ring)

@: flying, very slow
A: sickness immunity, fire resistance 2, cold vulnerability 1, float, innate
caster, hp casting, extra vitality 1
a: Renounce Religion, Bend Time, Temporal Distortion, Slouch


You were on level 5 of the Dungeon.
You worshipped Cheibriados.
Cheibriados was greatly pleased with you.
You visited 1 branch of the dungeon, and saw 5 of its levels.

You collected 206 gold pieces.

Inventory:

Hand Weapons
 a - a +0 falchion
 l - a +0 hunting sling
 p - a +1 hand crossbow of freezing
 r - the +6 dagger of the Gibberer (weapon) {antimagic, Int+2 SInv}
   (You found it on level 4 of the Dungeon)

   It reduces the magical energy of the wielder, and disrupts the spells and
   magical abilities of those it strikes.
   Natural abilities and divine invocations are not affected.
   Int:       It affects your intelligence (+2).
   SInv:      It lets you see invisible.
Missiles
 d - 137 stones
 i - 57 poisoned darts (quivered)
 m - 17 sling bullets
 q - 44 bolts
Armour
 b - a +0 robe
 k - the +0 ring mail of Polish (worn) {rF- Str+4 Dex+5}
   (You found it on level 4 of the Dungeon)

   Str:       It affects your strength (+4).
   Dex:       It affects your dexterity (+5).
   rF:        It makes you vulnerable to fire.
 o - a +1 ring mail of poison resistance
Jewellery
 s - an amulet of regeneration (around neck)
 w - a ring of protection from fire (left hand)
Wands
 v - a wand of iceblast (9)
Scrolls
 f - 2 scrolls of identify
 j - a scroll of enchant armour
 t - a scroll of brand weapon {unknown}
 u - 2 scrolls of enchant weapon
Potions
 c - 3 potions of brilliance
 e - 2 potions of heal wounds {unknown}
 g - 2 potions of flight {unknown}
 h - 2 potions of curing {unknown}


   Skills:
 + Level 6.9 Fighting
 - Level 3.0 Long Blades
 + Level 4.1 Crossbows
 - Level 1.3 Armour
 - Level 3.2 Dodging
 - Level 1.5 Stealth
 + Level 5.1 Spellcasting
 + Level 0.0 Invocations


You had 8 spell levels left.
You knew the following spells:

 Your Spells              Type           Power      Damage    Failure   Level
a - Sandblast             Erth           58%        2d13      1%          1
b - Poisonous Vapours     Pois/Air       58%        N/A       2%          2
c - Ignite Poison         Fire/Tmut/Pois 29%        N/A       4%          3
d - Leda's Liquefaction   Hex/Erth       14%        N/A       16%         4
Your spell library was empty.

Dungeon Overview and Level Annotations

Branches:
Dungeon (5/15)
 Temple: D:4-7

Altars:
Cheibriados

Shops:
D:1 ?   D:2 [


Innate Abilities, Weirdness & Mutations

You are immune to sickness and miasma.
You are immune to poison.
Your flesh is very heat resistant. (rF++)
You are vulnerable to cold. (rC-)
You float through the air rather than walking.
You learn spells naturally, not from books.
Your magical power is your life essence.
You have superior vitality. (+4 MHP)


Message History

You hit the gargoyle.
The gargoyle is lightly damaged.
The gargoyle barely misses you.
You hit the gargoyle but do no damage.
The gargoyle is lightly damaged.
The orc shouts!
The gargoyle barely misses you.
You hit the gargoyle but do no damage.
The gargoyle is lightly damaged.
You hit the gargoyle but do no damage.
The gargoyle is lightly damaged.
The gargoyle hits you with a +0 mace!
You hit the gargoyle.
The gargoyle is moderately damaged.
The gargoyle misses you.
An orc comes into view. It is wielding a +0 short sword.
You hit the gargoyle.
The gargoyle is moderately damaged.
The gargoyle hits you with a +0 mace!
An orc comes into view. It is wielding a +0 club.
Okay, then.
Unknown command.
As you read the scroll labelled QUXKADW SINTO, it crumbles to dust.
It is a scroll of enchant weapon.
Your +0 hand crossbow of freezing glows red for a moment.
The gargoyle barely misses you.
As you read the scroll labelled TIYCEDGHIJENK, it crumbles to dust.
It is a scroll of identify.
j - a scroll of enchant armour The gargoyle hurls a stone arrow at you.
The stone arrow hits you!
* * * LOW HITPOINT WARNING * * *
As you read the scroll labelled MUOD IMALIL, it crumbles to dust.
Wisps of shadow whirl around you...
It was a scroll of summoning.
The gargoyle hits you with a +0 mace!
* * * LOW HITPOINT WARNING * * *
As you read the scroll labelled MIREDO APNYI, it crumbles to dust.
You feel aware of your surroundings.
It was a scroll of magic mapping.
The gargoyle hits you with a +0 mace!
You die...

#>.+.........'.'.
#.##.........###.
#.##........^# ##
#.######...### ##
#####.######...#####.
#..[...............#.
#....5######.......#.
#...SZ######.......#.
#..n@............).†.
###9####.######....†.
#o#.........#....##
#o##.##.###.#....#
#.*#...)# #.#.####
#$*#..### #.#.#
#.*#..* #.#.# #.*#.,*
#.#.# *,*#<,* #.#.#


You could see a gargoyle (ally target), 2 orcs, a friendly necrophage
(summoned), a friendly adder (summoned), a friendly ufetubus (summoned) and a
friendly hound skeleton (summoned).

Vanquished Creatures
  A centaur zombie (D:5)
  A komodo dragon (D:5)
  A water moccasin (D:5)
  A black bear (D:5)
  A necrophage (D:5)
  A sky beast (D:5)
  An ogre (D:5)
  A phantom (D:5)
  A bullfrog (D:3)
  2 howler monkeys (D:5)
  2 bullfrog zombies
  A jelly (D:4)
  A centaur skeleton (D:5)
  2 hounds (D:5)
  An orc priest (D:4)
  An orc wizard (D:4)
  A hound zombie (D:5)
  A howler monkey zombie (D:5)
  A howler monkey skeleton (D:4)
  An adder (D:2)
  An ufetubus (D:5)
  An adder zombie (D:5)
  2 worms
  2 dart slugs
  2 orcs (D:4)
  7 bats
  7 endoplasms
  6 hobgoblins
  3 jackals (D:1)
  9 kobolds
  2 quokkas
  6 ball pythons
  2 frilled lizards
  12 goblins
  5 rats
90 creatures vanquished.

Notes
Turn   | Place    | Note
-------+----------+-------------------------------------------
     0 | D:1      | testman the Djinni Monk began the quest for the Orb.
     0 | D:1      | Reached XP level 1. HP: 20/20 MP: 0/0
    41 | D:1      | Found Sotramon's Magic Scroll Shoppe.
   284 | D:1      | Reached XP level 2. HP: 19/25 MP: 0/0
   977 | D:1      | Reached XP level 3. HP: 27/31 MP: 0/0
   977 | D:1      | Learned a level 1 spell: Sandblast
  1651 | D:2      | Reached skill level 4 in Fighting
  1734 | D:2      | Found Ufueha's Antique Armour Emporium.
  1772 | D:2      | Reached skill level 1 in Spellcasting
  1772 | D:2      | Reached XP level 4. HP: 15/37 MP: 0/0
  1773 | D:2      | Found a faded altar of an unknown god.
  1958 | D:2      | Prayed at the altar of an unknown god.
  1958 | D:2      | Became a worshipper of Cheibriados the Contemplative
  1958 | D:2      | Reached * piety under Cheibriados
  1958 | D:2      | Reached ** piety under Cheibriados
  2264 | D:3      | Reached *** piety under Cheibriados
  2331 | D:3      | Noticed a bullfrog
  2347 | D:3      | Killed a bullfrog
  2348 | D:3      | Reached XP level 5. HP: 17/41 MP: 0/0
  2348 | D:3      | Learned a level 2 spell: Poisonous Vapours
  3373 | D:4      | Identified the +0 ring mail of Polish {rF- Str+4 Dex+5}
  3667 | D:4      | Reached XP level 6. HP: 43/47 MP: 0/0
  3777 | D:4      | Reached skill level 1 in Armour
  3971 | D:4      | Reached **** piety under Cheibriados
  4239 | D:4      | Identified the +6 dagger of the Gibberer {antimagic, Int+2
                  | SInv}
  4760 | D:5      | Entered Level 5 of the Dungeon
  4817 | D:5      | Noticed a black bear
  4823 | D:5      | Reached XP level 7. HP: 48/53 MP: 0/0
  4823 | D:5      | Learned a level 3 spell: Ignite Poison
  4831 | D:5      | Reached skill level 1 in Crossbows
  4998 | D:5      | Reached skill level 5 in Fighting
  5064 | D:5      | Noticed a komodo dragon
  5070 | D:5      | Killed a komodo dragon
  5071 | D:5      | Reached XP level 8. HP: 58/61 MP: 0/0
  5109 | D:5      | Reached skill level 6 in Fighting
  5280 | D:5      | Reached skill level 5 in Spellcasting
  5280 | D:5      | Reached XP level 9. HP: 52/67 MP: 0/0
  5280 | D:5      | Learned a level 4 spell: Leda's Liquefaction
  5386 | D:5      | Noticed a gargoyle
  5399 | D:5      | Mangled by a gargoyle

Illustrated notes

Levels and vault maps discovered:
D:1:      tarquinn_simple_flora_water_a, layout_loops_corners, serial_shops,
          shop
D:2:      layout_basic, serial_shops, nicolae_shop_competitors_out_of_business,
          dreamdust_ecumenical_altar_angels_and_demons
D:3:      layout_loops_ring
D:4:      layout_layer_cave, kennysheep_cross_bottleneck, feat_on_display
D:5:      layout_basic

Skill      XL: |  1  2  3  4  5  6  7  8  9 |
---------------+----------------------------+-----
Long Blades    | 3 |  3.0
Fighting       | 4 5 6 |  6.9
Spellcasting   | 1 2 3 4 5 |  5.1
Armour         | 1 |  1.3
Crossbows      | 2 3 4 |  4.1
Dodging        | |  3.2
Stealth        | |  1.5

Action                   |  1- 3 |  4- 6 |  7- 9 || total
-------------------------+-------+-------+-------++-------
Melee: Falchion          |    92 |   113 |    29 ||   234
       Punch             |       |     5 |     1 ||     6
       Dagger            |       |       |    31 ||    31
 Fire: Hand crossbow     |       |     4 |    19 ||    23
       Hunting sling     |       |     2 |       ||     2
Throw: Stone             |     1 |       |       ||     1
 Cast: Sandblast         |       |     8 |    17 ||    25
       Poisonous Vapours |       |     2 |     4 ||     6
       Ignite Poison     |       |       |     2 ||     2
  Use: Scroll            |       |     1 |     4 ||     5
       Potion            |       |     1 |       ||     1
 Stab: Sleeping          |     9 |     8 |       ||    17
Armor: Robe              |    13 |     6 |       ||    19
       Ring mail         |       |     9 |    21 ||    30
Dodge: Dodged            |    61 |    90 |    61 ||   212

Table legend: (Time is in decaauts)
 A = Elapsed time spent in this place.
 B = Non-inter-level travel time spent in this place.
 C = Inter-level travel time spent in this place.
 D = Time resting spent in this place.
 E = Time spent auto-exploring this place.
 F = Levels seen in this place.
 G = Mean time per level.
                   A        B        C        D        E       F      G
               +--------+--------+--------+--------+--------+-----+--------+
         Total |   6781 |   6597 |    184 |    859 |   4726 |   5 | 1356.2 |
       Dungeon |   6781 |   6597 |    184 |    859 |   4726 |   5 | 1356.2 |
               +--------+--------+--------+--------+--------+-----+--------+

Top non-repeatable levels by time:
     D:4: 2308 daAuts
     D:3: 1342 daAuts
     D:1: 1232 daAuts
     D:2: 1093 daAuts
     D:5: 803 daAuts
